 Dungeon Crawl Stone Soup version 0.24-a0-762-gca426f56c8 (webtiles) character file.

Game seed: 4052545585795615193, levelgen mode: deterministic

451 Argons the Sneak (level 7, -3/36 HPs)
             Began as a Kobold Wizard on Oct 3, 2019.
             Slain by a centaur (9 damage)
             ... on level 5 of the Dungeon.
             The game lasted 00:36:19 (7823 turns).

Argons the Sneak (Kobold Wizard)                    Turns: 7823, Time: 00:36:19

Health: -3/36      AC:  3    Str: 10      XL:     7   Next: 25%
Magic:  8/11       EV: 15    Int: 21      God:
Gold:   197        SH:  0    Dex: 12 (13) Spells: 6/12 levels left

rFire    . . .     SeeInvis .   i - +1 short sword
rCold    . . .     Gourm    .   (shield restricted)
rNeg     + . .     Faith    .   a - +0 robe
rPois    .         Spirit   .   b - +0 hat
rElec    .         Reflect  .   p - +0 cloak
rCorr    .         Harm     .   (no gloves)
MR       .....                  (no boots)
Stlth    ++........             (no amulet)
HPRegen  0.12/turn              f - ring of positive energy
MPRegen  0.12/turn              (no ring)

@: mighty
A: small, carnivore
a: no special abilities


You were on level 5 of the Dungeon.
You were full.

You visited 1 branch of the dungeon, and saw 5 of its levels.

You collected 197 gold pieces.

Inventory:

Hand Weapons
 i - a +1 short sword (weapon)
 n - a +0 hand crossbow
Missiles
 e - 26 stones (quivered)
 l - 17 bolts
 t - 4 boomerangs
Armour
 a - a +0 robe (worn)
 b - a +0 hat (worn)
 p - a +0 cloak (worn)
Jewellery
 f - a ring of positive energy (left hand)
Wands
 u - a wand of iceblast (7)
Scrolls
 c - 2 scrolls of teleportation
 h - a scroll of blinking
 o - a scroll of remove curse
 r - a scroll of enchant weapon
 s - a scroll of noise {unknown}
Potions
 g - a potion of degeneration {unknown}
 j - 3 potions of curing
 k - 2 potions of lignification {unknown}
 m - 2 potions of magic {unknown}
 q - 2 potions of might
Comestibles
 d - 10 rations


   Skills:
 - Level 4.1 Short Blades
 - Level 2.4 Dodging
 - Level 4.1 Stealth
 - Level 3.2 Spellcasting
 - Level 4.0 Conjurations
 - Level 1.0 Summonings
   Level 1.0 Translocations
 + Level 2.6 Air Magic
 + Level 2.6 Poison Magic


You had 6 spell levels left.
You knew the following spells:

 Your Spells              Type           Power        Failure   Level  Hunger
a - Magic Dart            Conj           ###.         2%          1    None
b - Call Imp              Summ           #.......     13%         2    ##.....
c - Mephitic Cloud        Conj/Pois/Air  ###.....     11%         3    ###....

Your spell library contained the following spells:

 Spells                   Type           Power        Failure   Level  Hunger
 Blink                    Tloc           N/A          13%         2    ##.....
 Conjure Flame            Conj/Fire      ##......     17%         3    ###....
 Slow                     Hex            #.......     21%         2    ##.....


Dungeon Overview and Level Annotations

Branches:
Dungeon (5/15)             Temple (0/1) D:5

Altars:
Nemelex Xobeh
Sif Muna

Shops:
D:4 [


Innate Abilities, Weirdness & Mutations

You are small and have problems with some larger weapons.
You are carnivorous and can eat meat at any time.


Message History

You hit the centaur.
The centaur is moderately wounded.
The centaur misses you.
Your crimson imp barely misses the centaur.
You hit the centaur.
The centaur is moderately wounded.
The centaur hits you!
Your crimson imp barely misses the centaur.
The centaur hits you!
* * * LOW HITPOINT WARNING * * *
You hit the centaur but do no damage.
The centaur is moderately wounded.
The centaur misses you.
Your crimson imp blinks!
You feel very mighty all of a sudden. The centaur misses you.
You puncture the centaur!
The centaur is almost dead.
The centaur barely misses you. The centaur hits you!
You die...

#....# #.♣#####.#####.##... ..
#....# #.♣#...........o...#####.
♣....♣##♣.♣#####.###.............
..........♣ #.# .#.....####..
♣♣..♣♣♣♣♣♣♣ #)# .# ..<.......
#''# #.# .# #.#####.. #..# #.#
.#..# # #.. #.#############c#
#.#... #.. #.............5@#
#.#..# #.. #############.###
#.#..# ####.. #.# #.#..# #....)
#.# #.#..####.##.# #.#
#.#...........
#.#####............#
#............#####.#
############.......# #########


You could see a centaur and a friendly white imp.

Vanquished Creatures
  A scorpion (D:5)
  2 crimson imps (D:5)
  A quasit (D:5)
  A hound (D:5)
  A worker ant (D:2)
  A worker ant zombie (D:5)
  11 adders
  2 gnolls (D:3)
  2 worms
  A dart slug (D:2)
  5 leopard geckos
  14 orcs
  2 ball pythons
  5 giant cockroaches
  6 hobgoblins
  4 jackals
  A quokka (D:3)
  6 bats
  6 frilled lizards
  3 goblins
  A jackal zombie (D:5)
  8 kobolds
  A leopard gecko skeleton (D:4)
  9 rats
94 creatures vanquished.

Vanquished Creatures (collateral kills)
  A worker ant (D:5)
  A gnoll (D:3)
  An adder (D:2)
  2 dart slugs
  3 orcs
  A giant cockroach (D:2)
9 creatures vanquished.

Grand Total: 103 creatures vanquished

Notes
Turn   | Place    | Note
-------+----------+-------------------------------------------
     0 | D:1      | Argons the Kobold Wizard began the quest for the Orb.
     0 | D:1      | Reached XP level 1. HP: 10/10 MP: 4/4
   332 | D:1      | Reached XP level 2. HP: 5/15 MP: 1/6
  1286 | D:1      | Learned a level 2 spell: Call Imp
  1932 | D:2      | Reached XP level 3. HP: 19/19 MP: 1/7
  2435 | D:2      | Found a sparkling altar of Nemelex Xobeh.
  2765 | D:2      | Reached skill level 1 in Short Blades
  2894 | D:2      | Reached XP level 4. HP: 24/24 MP: 3/8
  3385 | D:2      | Found a shimmering blue altar of Sif Muna.
  3678 | D:3      | Reached XP level 5. HP: 28/28 MP: 5/9
  5266 | D:3      | Learned a level 3 spell: Mephitic Cloud
  5302 | D:4      | Noticed a phantom
  5561 | D:4      | Found Meninn's Antique Armour Shop.
  5741 | D:3      | Reached XP level 6. HP: 32/32 MP: 1/10
  6422 | D:5      | Entered Level 5 of the Dungeon
  6676 | D:5      | Reached skill level 1 in Air Magic
  6676 | D:5      | Reached skill level 1 in Poison Magic
  7363 | D:5      | Reached XP level 7. HP: 22/36 MP: 0/11
  7393 | D:5      | Found a staircase to the Ecumenical Temple.
  7823 | D:5      | Slain by a centaur

Levels and vault maps discovered:
D:1:      dpeg_arrival_snail, layout_basic, minmay_indecisive_spiral
D:2:      layout_basic, lemuel_blue_sif_altar, nemelex_altar_shiori
D:3:      layout_basic, first_ration
D:4:      layout_basic, serial_shops, shop, nicolae_ossuary_entry_ruins
D:5:      layout_loops_ring, minmay_temple_entry_wispy, kennysheep_dice

Skill      XL: |  1  2  3  4  5  6 |
---------------+-------------------+-----
Stealth        | 3 4 |  4.1
Conjurations   | 2 3 4 |  4.0
Short Blades   | 1 2 3 4 |  4.1
Air Magic      | 2 |  2.6
Poison Magic   | 2 |  2.6
Dodging        | |  2.4
Spellcasting   | |  3.2
Summonings     | |  1.0
Translocations | |  1.0

Action                   |  1- 3 |  4- 6 |  7- 9 || total
-------------------------+-------+-------+-------++-------
Melee: Whip              |     2 |       |       ||     2
       Short sword       |     6 |    40 |    19 ||    65
Throw: Stone             |     4 |     9 |       ||    13
 Cast: Magic Dart        |    72 |   200 |    18 ||   290
       Call Imp          |     4 |     7 |     6 ||    17
  Use: Scroll            |     2 |     6 |     1 ||     9
       Potion            |       |       |     1 ||     1
 Stab: Sleeping          |       |     1 |       ||     1
  Eat: Chunk             |    13 |    14 |       ||    27
Armor: Robe              |     1 |    11 |     4 ||    16
Dodge: Dodged            |    15 |    52 |    33 ||   100

Table legend:
 A = Non-vault XP
 B = Vault XP
 C = Vault XP percentage of total XP
 D = Non-vault monster count
 E = Vault monster count
 F = Vault count percentage of total count
                 A         B        C        D         E       F
            +---------+---------+-------+---------+---------+-------
      Total |     620 |      25 |   3.9 |      96 |       7 |   6.8
            +---------+---------+-------+---------+---------+-------
        D:1 |      17 |       5 |  22.7 |      12 |       4 |  25.0
        D:2 |     144 |       0 |   0.0 |      30 |       0 |   0.0
        D:3 |      73 |       0 |   0.0 |      17 |       0 |   0.0
        D:4 |      80 |       0 |   0.0 |      18 |       0 |   0.0
        D:5 |     306 |      20 |   6.1 |      19 |       3 |  13.6
            +---------+---------+-------+---------+---------+-------
